Workbook
Name JPDA_Rate: Rates!$D$2:$D$8
Name JPDA_SAPCode: Rates!$E$2:$E$8
Name JPDA_ServiceType: [1]Rates!$B$2:$B$8
Name JPDA_ServiceType: [1]Rates!$B$2:$B$8
Name JPDA_ServiceType: Rates!$B$2:$B$8
Name JPDANoWHT: [1]Rates!$B$23:$B$25
Name JPDANoWHT: [1]Rates!$B$23:$B$25
Name JPDANoWHT: Rates!$B$23:$B$25
Name NonBayu_Location: Rates!$C$20:$C$21
Name NonBayu_Rate: Rates!$D$20:$D$21
Name NonBayu_SAPCode: Rates!$E$20:$E$21
Name NonBayu_ServiceType: Rates!$B$20:$B$21
Name NonPE_JPDA: Rates!$B$17:$B$19
Name NonPE_Location: Rates!$C$14:$C$15
Name NonPE_Rate: Rates!$D$14:$D$15
Name NonPE_SAPCode: Rates!$E$14:$E$15
Name NonPE_ServiceType: Rates!$B$14:$B$15
Name NonPE_Timor: Rates!$B$14:$B$16
Name Timor_ServiceType: [1]Rates!$B$9:$B$13
Name Timor_ServiceType: [1]Rates!$B$9:$B$13
Name Timor_ServiceType: Rates!$B$9:$B$13

Sheet Guidelines
B2: Invoicing Guidelines - Bayu-Undan Services
B3: Applicable to services performed from 30 August 2019 onwards
B5: Santos is required to submit all relevant taxes to both the Australian and Timor-Leste governments. Sufficient information must be provided on invoices to allow calculation of such taxes.
B8: General Information
B10: The following general information must be provided for the invoice to be tax compliant and to assist with referencing payment in the SANTOS systems.
B12: ● Invoice number
B13: ● SANTOS Purchase Order number
B14: ● SANTOS Contract number
B15: ● Australian Business Number (ABN) - where applicable
B16: ● Timor-Leste Tax Identification Number (TIN) - where applicable (PE only)
B19: All claims for services must also be accompanied by appropriate back-up documentation which is duly authorised by the relevant SANTOS representative. For example;
B20: * Labour hours - a timesheet signed by the SANTOS supervisor
... B45: - Generally WHT will apply to the same base charges as VAT unless there are costs accrued on the Timor-Leste mainland which are not subject to VAT but remain subject to WHT.

Sheet WHT Codes
B2: LOCATION | C2: SAP - WHT Type | D2: SAP - WHT CODE | E2: Comments on Application | F2: SAP DESCRIPTION | G2: WHT Rate % | H2: SES: GST / VAT Code
B4: Default | C4: Z0 | D4: Z0 | E4: Standard for Australian business | F4: WHT - 0% WHT Free | G4: 0 | H4: P1 / P0
B7: Australia | C7: Z1 | D7: Z1 | E7: Interest paid to foreign residents | F7: Withholding Tax - Interest | G7: 0.1 | H7: P1 / P0
C8: Z2 | D8: Z2 | E8: Related to capital works | F8: Withholding Tax - Foreign Contractor | G8: 0.05 | H8: P1 / P0
C9: Z3 | D9: Z3 | E9: Technology rights / use - variable rates | F9: Withholding Tax - Royalties | H9: P1 / P0
C10: Z4 | D10: Z4 | E10: Not registered for tax | F10: Withholding Tax - No ABN | G10: 0.49 | H10: P1 / P0
B12: Timor-Leste: PE Registered | C12: ZT | D12: H1 | E12: Timor mainland - Construction Services | F12: Timor Leste - WH Tax - 2% | G12: 0.02 | H12: P0
C13: ZT | D13: H2 | E13: Timor mainland - Construction-Consulting | F13: Timor Leste - WH Tax - 4% | G13: 0.04 | H13: P0
C14: ZT | D14: H9 | E14: TL mainland services (non-Bayu-Undan): Rents / Non-resident services | F14: Timor Leste - WH Tax - 10% | G14: 0.1 | H14: P0
C15: ZT | D15: K1 | E15: Drilling Services / Drilling Support Services | F15: Timor Leste - WH Tax - 1.62% | G15: 0.0162 | H15: 9% P9 (or P0)
C16: ZT | D16: K2 | E16: Shipping & Air Charter, offshore construction | F16: Timor Leste - WH Tax - 0.72% | G16: 0.0072 | H16: 9% P9 (or P0)
C17: ZT | D17: K3 | E17: Construction Consulting (engineering, design, project management, technical) | F17: Timor Leste - WH Tax - 1.44% | G17: 0.0144 | H17: 9% P9 (or P0)
C18: ZT | D18: K4 | E18: Other Services (technical, rental) | F18: Timor Leste - WH Tax - 2.16% | G18: 0.0216 | H18: 9% P9 (or P0)
B19: Timor-Leste: Non-PE / Not registered | C19: ZT | D19: K5 | E19: Royalties (Non-AUS/Non-TL) | F19: Timor Leste - WH Tax - 5.40% | G19: 0.054 | H19: 9% P9 (or P0)
C20: ZT | D20: K7 | E20: Non-resident WHT (No PE) | F20: Timor Leste - WH Tax - 7.2% | G20: 0.072 | H20: 9% P9

Sheet New MBT Rates
A1: Location | B1: Activity Description | C1: WHT Rate | D1: SAP WHT Code | E1: SAP Description
A2: TL | B2: Catering/ Maintenance/ Medical/ Manpower Services | C2: 0 | D2: Z0 | E2: WH Tax Free - 0.00%
A3: TL | B3: Drilling & Drilling Support Services | C3: 0.0162 | D3: K1 | E3: Timor Leste - WH Tax - 1.62%
A4: TL | B4: Construction Services | C4: 0.0072 | D4: K2 | E4: Timor Leste - WH Tax - 0.72%
A5: TL | B5: Consulting Services | C5: 0.0144 | D5: K3 | E5: Timor Leste - WH Tax - 1.44%
A6: TL | B6: Other Services | C6: 0.0216 | D6: K4 | E6: Timor Leste - WH Tax - 2.16%
A7: TL | B7: Royalties | C7: 0.054 | D7: K5 | E7: Timor Leste - WH Tax - 5.40%
A8: TL | B8: Shipping & Air Charter Services | C8: 0.0072 | D8: K2 | E8: Timor Leste - WH Tax - 0.72%
A9: TL | B9: TL mainland - Construction Services | C9: 0.02 | D9: H1 | E9: Timor Leste - WH Tax - 2.00%
A10: TL | B10: TL mainland - Construction-Consulting Services | C10: 0.04 | D10: H2 | E10: Timor Leste - WH Tax - 4.00%
A11: TL | B11: TL mainland (non-Bayu-Undan): Rents / Non-resident services | C11: 0.1 | D11: H9 | E11: Timor Leste - WH Tax - 10.00%
A15: Location | B15: Activity Description | C15: WHT Rate | D15: SAP WHT Code | E15: SAP Description
A16: TL | B16: Non-resident services WHT (No PE) | C16: 0.072 | D16: K7 | E16: Timor Leste - WH Tax - 7.2%
A17: TL | B17: Royalties | C17: 0.054 | D17: K5 | E17: Timor Leste - WH Tax - 5.40%

Sheet NO PE- TL Onshore & Offshore
D2: No PE Template - Timor Leste (Onshore & Offshore) | K2: Please complete the grey sections
D3: #Vendor Name | K3: Additional notes provided below
D4: #Invoice Number
D5: #PO/Contract Number | G5: ABN : | K5: This template is for use by:
B6: Location | C6: Bayu-Undan / Timor Leste | G6: TIN : | H6: N/A | K6: - Bayu-Undan sub-contractors, with
B7: Service Type | C7: Non-resident services WHT (No PE) | K7: - No Timor-Leste permanent establishment1 (PE),
B8: WHT Rate | C8: =VLOOKUP(C7,'New MBT Rates'!$B$16:$D$17,2,0) -> 0.072 | K8: - Performing services in Timor Leste (onshore and offshore).
K9: including local content services performed in Timor-Leste.
B11: PO Line / | C11: Good / Service | E11: Description | F11: Rate | G11: Qty | H11: Total
B12: ESN
B14: VAT Charges (services in Bayu Undan Offshore Area)
B16: Line 1 / 10626-8498-020 | C16: Offshore Labour/Rentals | D16: WHT | E16: Services or Equipment Rental at Bayu Undan | H16: =F16*G16 -> 0 | K16: Grey Sections include examples - replace with actual details
B17: Line 1 / 10626-8498-020 | C17: Offshore Labour/Rentals | D17: WHT | E17: Services or Equipment Rental at Bayu Undan | H17: =F17*G17 -> 0
B18: Line 1 / 10626-8498-020 | C18: Offshore Labour/Rentals | D18: WHT | E18: Services or Equipment Rental at Bayu Undan | H18: =F18*G18 -> 0
B19: Line 1 / 10626-8498-030 | C19: Demobilisation from Bayu-Undan | D19: WHT | E19: Bayu day of demob (e.g. BU-DRW, BU-DIL) | H19: =F19*G19 -> 0
C21: Sub-Total | H21: =SUM(H16:H20) -> 0
C22: 9% VAT | I22: =$H$21*0.09 -> 0
B24: GST Charges (goods and Services provided in Australia)
B26: Line 1 / 10626-8498-020 | C26: Onshore Labour / Rental (AUS) | E26: Standby for offshore services | H26: =F26*G26 -> 0
B27: Line 1 / 10626-8498-030 | C27: Onshore Labour / Rental (AUS) | E27: Offshore Equipment Preparation | H27: =F27*G27 -> 0
B28: Line 1 / 10626-8498-020 | C28: Onshore Labour / Rental (AUS) | E28: Other services in Australia | H28: =F28*G28 -> 0
B29: Line 1 / 10626-8498-030 | C29: Reimbursments (AUS) | E29: Australian travel and expenses2 | H29: =F29*G29 -> 0
C31: Sub-Total | H31: =SUM(H26:H30) -> 0
C32: 10% GST | I32: =$H$31*0.1 -> 0
B34: VAT & GST FREE (other services and goods - Timor / outside Australia) | K34: Note: WHT will apply to services on Timor-Leste mainland which are not subject to VAT
B36: Line 1 / 10626-8498-020 | C36: Mobilisation (AUS) | E36: Perth to Bayu-Undan | H36: =F36*G36 -> 0
B37: Line 1 / 10626-8498-020 | C37: Mobilisation (Timor-Leste mainland) | D37: WHT | E37: Dili to Suai or Bayu-Undan | H37: =F37*G37 -> 0
B38: Line 1 / 10626-8498-020 | C38: Demobilisation (Timor-Leste mainland) | D38: WHT | E38: Suai to Dili / within Timor-Leste mainland | H38: =F38*G38 -> 0
B39: Line 1 / 10626-8498-020 | C39: Timor-Leste Mainland Services | D39: WHT | E39: Services or rental Dili / Suai | H39: =F39*G39 -> 0
B40: Line 1 / 10626-8498-020 | C40: Demobilisation from Timor-Leste (portion within Australia) | E40: Bayu-Undan to Perth | H40: =F40*G40 -> 0
B41: Line 1 / 10626-8498-020 | C41: Reimbursments (intl.) | E41: International travel and non-Aust expenses3 | H41: =F41*G41 -> 0
C43: Sub-Total | H43: =SUM(H36:H42) -> 0
C47: Gross Invoice costs | H47: =$H$43+$H$31+$H$21 -> 0
B48: ADD | C48: GST on Australian Services | H48: =$I$32 -> 0
C49: Gross Payable to Contractor | H49: =+$H$48+$H$47 -> 0
B50: LESS | C50: WHT Payable by SANTOS to TLRS | H50: =-$H$54 -> 0
C52: Total Payable to Contractor | H52: =$H$49-$H$54 -> 0
E53: Total base for WHT:
C54: Withholding Tax | E54: =$H$21+$H$37+$H$38+$H$39 -> 0 | F54: =$C$8 -> 0.072 | H54: =$E$54*$F$54 -> 0
C57: VAT on Bayu-Undan Services (payable by SANTOS to TLRS) | H57: =$I$22 -> 0
C59: INVOICE TOTAL | H59: =$H$52+$H$54+$H$57 -> 0
B62: Prepared By:
B63: Company: | C63: =D3 -> #Vendor Name
B64: Date:
B66: Signed:
A69: 1 A permanent establishment is acquired when an entity has personnel present in Timor-Leste for 60 days or more in a 12 month period.
A70: 2 GST is only applicable on recharges where the original invoice was subject to GST. The GST exclusive amount should be invoiced, and then GST applied as required under the GST Act 1999.
A71: 3 No withholding tax or GST is applicable on recharges for international travel and accomodation, or goods aquired outside of Australia.

Sheet INVALID_NO PE TEMPLATE - BU
D2: No PE Template - Bayu-Undan contract area | K2: Please complete the grey sections
D3: #Vendor Name | K3: Additional notes provided below
D4: #Invoice Number
D5: #PO/Contract Number | G5: ABN : | K5: This template is for use by:
B6: Location | C6: Bayu-Undan | G6: TIN : | H6: N/A | K6: - Bayu-Undan (H8) sub-contractors, with
B7: Service Type | C7: Non-resident | K7: - No Timor-Leste permanent establishment1 (PE),
B8: WHT Rate | C8: =VLOOKUP(C7,Rates!B17:D19,3,0) -> 0.072 | K8: - Performing services in the Bayu-Undan contract area.
B9: SAP Code | C9: =VLOOKUP(C8,Rates!D17:E18,2,0) -> K7
B11: Order / | C11: Good / Service | E11: Description | F11: Rate | G11: Qty | H11: Total
B12: Line item
B14: VAT Charges
C16: Offshore Labour/Rentals | E16: Engineer/Equipment | H16: =F16*G16 -> 0
C17: Offshore Labour/Rentals | E17: Engineer/Equipment | H17: =F17*G17 -> 0
C18: Offshore Labour/Rentals | E18: Engineer/Equipment | H18: =F18*G18 -> 0
C19: Offshore Labour/Rentals | E19: Engineer/Equipment | H19: =F19*G19 -> 0
C21: Sub-Total | H21: =SUM(H16:H20) -> 0
C22: 9% VAT | I22: =$H$21*0.09 -> 0
B24: GST Charges
C26: Onshore Labour (AUS) | E26: Tech assistant | H26: =F26*G26 -> 0
C27: Onshore Labour (AUS) | E27: Tech assistant | H27: =F27*G27 -> 0
C28: Onshore Labour (AUS) | E28: Tech assistant | H28: =F28*G28 -> 0
C29: Reimbursments (AUS) | E29: Australian travel and expenses2 | H29: =F29*G29 -> 0
C31: Sub-Total | H31: =SUM(H26:H30) -> 0
C32: 10% GST | I32: =$H$31*0.1 -> 0
B34: VAT & GST FREE
C36: Mobilisation | E36: Perth to Bayu-Undan | H36: =F36*G36 -> 0
C37: Mobilisation | E37: Perth to Bayu-Undan | H37: =F37*G37 -> 0
C38: Demobilisation | E38: Bayu-Undan to Perth | H38: =F38*G38 -> 0
C39: Demobilisation | E39: Bayu-Undan to Perth | H39: =F39*G39 -> 0
C40: Reimbursments (intl.) | E40: International travel and expenses (not AUS)3 | H40: =F40*G40 -> 0
C42: Sub-Total | H42: =SUM(H36:H41) -> 0
C46: Gross Invoice costs | H46: =$H$42+$H$31+$H$21 -> 0
B47: ADD | C47: GST on Australian Services | H47: =$I$32 -> 0
C48: Gross Payable to Contractor | H48: =+$H$47+$H$46 -> 0
B49: LESS | C49: WHT Payable by COPA to TLRS | H49: =-$H$53 -> 0
C51: Total Payable to Contractor | H51: =$H$48-$H$53 -> 0
C53: Withholding Tax | D53: =C9 -> K7 | E53: =$H$21 -> 0 | F53: =$C$8 -> 0.072 | H53: =$E$53*$F$53 -> 0
C56: VAT on Bayu-Undan Services (payable by COPA to TLRS) | H56: =$I$22 -> 0
C58: INVOICE TOTAL | H58: =$H$51+$H$53+$H$56 -> 0
B61: Prepared By:
B62: Company: | C62: =D3 -> #Vendor Name
B63: Date:
B65: Signed:
A68: 1 A permanent establishment is acquired when an entity has personnel present in Timor-Leste for 60 days or more in a 12 month period.
A69: 2 GST is only applicable on recharges where the original invoice was subject to GST. The GST exclusive amount should be invoiced, and then GST applied as required under the GST Act 1999.
A70: 3 No withholding tax or GST is applicable on recharges for international travel and accomodation, or goods aquired outside of Australia.

Sheet INVALID_NO PE - TEMPLATE -Timor
D2: No PE Template - Onshore Timor-Leste
D3: #Vendor Name | K3: Please complete the grey sections
D4: #Invoice Number | K4: Additional notes provided below
D5: #PO/Contract Number | G5: ABN : | K5: This template is for use by:
B6: Location | C6: Timor-Leste | G6: TIN : | H6: N/A | K6: - Bayu-Undan (H8) sub-contractors, with
B7: Service Type | C7: Non-resident | K7: - No Timor-Leste permanent establishment1 (PE),
B8: WHT Rate | C8: =VLOOKUP(C7,Rates!B17:D19,3,0) -> 0.072 | K8: - Performing services on the Timor-Leste mainland,
B9: SAP Code | C9: =VLOOKUP(C8,Rates!D17:E18,2,0) -> K7 | K9: - Including local content services performed in Timor-Leste.
B11: Order / | C11: Good / Service | E11: Description | F11: Rate | G11: Qty | H11: Total
B12: Line item
B14: WHT Charges
C16: Onshore Labour/Rentals (Timor) | E16: Engineer/Equipment | H16: =F16*G16 -> 0
C17: Onshore Labour/Rentals (Timor) | E17: Engineer/Equipment | H17: =F17*G17 -> 0
C18: Onshore Labour/Rentals (Timor) | E18: Engineer/Equipment | H18: =F18*G18 -> 0
C19: Onshore Labour/Rentals (Timor) | E19: Engineer/Equipment | H19: =F19*G19 -> 0
C20: Onshore Labour/Rentals (Timor) | E20: Engineer/Equipment | H20: =F20*G20 -> 0
C21: Reimbursments (Timor) | E21: Service performed in Timor by non-resident2 | H21: =F21*G21 -> 0
C23: Sub-Total | H23: =SUM(H16:H22) -> 0
B25: WHT & GST FREE Charges
C27: Mobilisation | E27: Perth to Timor | H27: =F27*G27 -> 0
C28: Mobilisation | E28: Perth to Timor | H28: =F28*G28 -> 0
C29: Demobilisation | E29: Timor to Perth | H29: =F29*G29 -> 0
C30: Demobilisation | E30: Timor to Perth | H30: =F30*G30 -> 0
C31: Reimbursments (Timor) | E31: Recharge of service performed in Timor by resident3 | H31: =F31*G31 -> 0
C32: Reimbursments (intl.) | E32: International travel and expenses (not AUS)4 | H32: =F32*G32 -> 0
C34: Sub-Total | H34: =SUM(H27:H33) -> 0
B36: GST Charges
C38: Onshore Labour (AUS) | E38: Tech assistant | H38: =F38*G38 -> 0
C39: Onshore Labour (AUS) | E39: Tech assistant | H39: =F39*G39 -> 0
C40: Onshore Labour (AUS) | E40: Tech assistant | H40: =F40*G40 -> 0
C41: Reimbursments (AUS) | E41: Australian travel and expenses5 | H41: =F41*G41 -> 0
C43: Sub-Total | H43: =SUM(H38:H42) -> 0
C44: 10% GST | I44: =$H$43*0.1 -> 0
C48: Gross Invoice costs | H48: =$H$34+$H$43+$H$23 -> 0
B49: ADD | C49: GST on Australian Services | H49: =$I$44 -> 0
C50: Gross Payable to Contractor | H50: =+$H$49+$H$48 -> 0
B51: LESS | C51: WHT Payable by COPA to TLRS | H51: =-$H$55 -> 0
C53: Total Payable to Contractor | H53: =$H$50-$H$55 -> 0
C55: Withholding Tax | D55: =C9 -> K7 | E55: =$H$23 -> 0 | F55: =$C$8 -> 0.072 | H55: =$E$55*$F$55 -> 0
C58: INVOICE TOTAL | H58: =$H$53+$H$55 -> 0
B61: Prepared By:
B62: Company: | C62: =D3 -> #Vendor Name
B63: Date:
B65: Signed:
A68: 1 A permanent establishment is acquired when an entity has personnel present in Timor-Leste for 60 days or more in a 12 month period.
A69: 2 8% withholding tax to be applied to recharges for services performed on Timor-Leste mainland by a non-resident, non-PE entity.
A70: 3 No withholding tax is applicable on recharges for services performed on Timor-Leste mainland by a Timor-Leste resident or PE entity who are registered for tax in Timor-Leste, i.e. where a Timor-Leste TIN (tax identification number) is quoted on the original invoice.
A71: 4 No withholding tax or GST is applicable on recharges for international travel and accomodation, or goods aquired outside of Australia.
A72: 5 GST is only applicable on recharges where the original invoice was subject to GST. The GST exclusive amount should be invoiced, and then GST applied as required under the GST Act 1999.

Sheet Example_NON PE
A2: Bayu-Undan Contractor - non PE
A4: Contractor X has performed the following work for Santos in response to a SANTOS Purchase Order. The work involves the use of an engineer and a rental pump. Contractor X organsises their own travel for personnel and freight for the pump. WHT is calculated at 7.2%.
A5: Onshore Rates are AUD 1200 per day for Engineer and AUD 200 a day for the pump. Offshore Rates are AUD 1293.10 per day for Engineer and AUD 215.52 per day for the pump (both rates inclusive of 7.2%WHT). Expenses are at cost + 10%
A8: 1) | B8: Engineer departed Perth on 11 May and arrives on the Bayu Undan platform on 12 May.
A9: 2) | B9: Engineer performs work on the platform up until the morning of 18 May
A10: 2) | B10: Engineer departed Bayu Undan platform on 18 May to Dili and is in Dili overnight, departing 19 May and arrives back in Perth on 19 May
A11: 3) | B11: Hire equipment freighted ex Perth on 9 May and arrives on Bayu-Undan platform 12 May
A12: 4) | B12: Hire equipment is moved back to Darwin on 19 May from the platform then gets freighted back to Perth and arrives in Perth on 22 May
A13: 5) | B13: Engineer spends 20-21 May in Perth writing a report
A14: 6) | B14: Australian freight and expenses come to AUD 2500 including the 10% oncharge
E18: No PE Template - Timor Leste (Onshore & Offshore) | K18: Please complete the grey sections
E19: X Pty Ltd | K19: Additional notes provided below
E20: Invoice # 1234
E21: PO 480000123 | G21: ABN : | H21: 111 111 111 | K21: This template is for use by:
B22: Location | C22: Timor Leste | G22: TIN : | H22: N/A | K22: - Bayu-Undan sub-contractors, with
B23: Service Type | C23: Non-resident / Non-PE | K23: - No Timor-Leste permanent establishment1 (PE),
B24: WHT Rate | C24: 0.072 | K24: - Performing services in Timor Leste (onshore and offshore).
B25: SAP Code | K25: including local content services performed in Timor-Leste.
B27: Order / | C27: Good / Service | D27: WHT | E27: Description | F27: Rate | G27: Qty | H27: Total
B28: Line item | D28: Applies
B30: VAT Charges (services in Bayu Undan Offshore Area)
C32: Offshore Labour | D32: WHT | E32: Offshore rate (incl.WHT): 13-18 May | F32: 1293.1 | G32: 6 | H32: =F32*G32 -> 7758.6
C33: Equipment hire | D33: WHT | E33: Offshore hire rate (incl.WHT) | F33: 215.52 | G33: 7 | H33: =F33*G33 -> 1508.64
C35: Sub-Total | H35: =SUM(H32:H34) -> 9267.24
C36: 9% VAT | I36: =H35*0.09 -> 834.0516
B38: GST Charges (goods and Services provided in Australia)
C40: Onshore work (Aust) | E40: Standard rate - 20-21 May | F40: 1200 | G40: 2 | H40: =F40*G40 -> 2400
C41: Freight/Expenses (Aust) | E41: Cost +10% | F41: 2500 | G41: 1 | H41: =F41*G41 -> 2500
C43: Sub-Total | H43: =SUM(H40:H42) -> 4900
C44: 10% GST | I44: =H43*0.1 -> 490
B46: VAT & GST FREE
C48: Mobilisation/Travel | E48: Perth to Bayu-Undan 11-12 May | F48: 1200 | G48: 2 | H48: =F48*G48 -> 2400
C49: Mobilisation/Travel | D49: WHT | E49: Dili, TL rate incl WHT - 19 May | F49: =+F32 -> 1293.1 | G49: 1 | H49: =F49*G49 -> 1293.1
C50: Equip transit | E50: to Bayu-Undan Platform (from Perth) | F50: 200 | G50: 4 | H50: =F50*G50 -> 800
C51: Equip transit | E51: Darwin to Perth | F51: 200 | G51: 3 | H51: =F51*G51 -> 600
C53: Sub-Total | H53: =SUM(H48:H52) -> 5093.1
C57: Gross Invoice costs | H57: =H53+H43+H35 -> 19260.34
B58: ADD | C58: GST on Australian Services | H58: =I44 -> 490
C59: Gross Payable to Contractor | H59: =+H58+H57 -> 19750.34
B60: LESS | C60: WHT Payable by SANTOS to TLRS | H60: =-H64 -> -760.34448
C62: Total Payable to Contractor | H62: =H59-H64 -> 18989.996
E63: Total base for WHT:
C64: Withholding Tax | E64: =H35+H49 -> 10560.34 | F64: =C24 -> 0.072 | H64: =E64*F64 -> 760.34448
C67: VAT on Bayu-Undan Services (payable by SANTOS to TLRS) | H67: =I36 -> 834.0516
C69: INVOICE TOTAL | H69: =H62+H64+H67 -> 20584.392
B72: Prepared By:
B73: Company: | C73: =E19 -> X Pty Ltd
B74: Date:
B76: Signed:
A79: 1 A permanent establishment is acquired when an entity has personnel present in Timor-Leste for 60 days or more in a 12 month period.
A80: 2 GST is only applicable on recharges where the original invoice was subject to GST. The GST exclusive amount should be invoiced, and then GST applied as required under the GST Act 1999.
A81: 3 No withholding tax or GST is applicable on recharges for international travel and accomodation, or goods aquired outside of Australia.

Sheet Rates
A1: Invoice Type | B1: Service Type | C1: Location | D1: Rate | E1: SAP Code | F1: Description | G1: Timor VAT
A2: PE JPDA | B2: Drilling Support | C2: JPDA | D2: 0.0162 | E2: K1 | F2: JPDA WH Tax - 1.8% (90% of Tax Base) | G2: Applicable - 9% (P8)
B3: Construction | C3: JPDA | D3: 0.0072 | E3: K2 | F3: JPDA WH Tax - 0.8% (90% of Tax Base) | G3: Applicable - 9% (P8)
B4: Consulting | C4: JPDA | D4: 0.0144 | E4: K3 | F4: JPDA WH Tax - 1.6% (90% of Tax Base) | G4: Applicable - 9% (P8)
B5: Other Services | C5: JPDA | D5: 0.0216 | E5: K4 | F5: JPDA WH Tax - 2.40% (90% of Tax Base) | G5: Applicable - 9% (P8)
B6: Royalties (AUS resident) | C6: JPDA | D6: 0.06 | E6: TBA | F6: JPDA WH Tax - 6% | G6: Applicable - 9% (P8) | K6: JPDA
B7: Royalties (Non-AUS) | C7: JPDA | D7: 0.054 | E7: K5 | F7: JPDA WH Tax - 6% (90% of Tax Base) | G7: Applicable - 9% (P8) | K7: K1 | L7: 0.0162
B8: Shipping / Air Charter | C8: JPDA | D8: 0.00648 | E8: K6 | F8: JPDA WH Tax - .72% (90% of Tax Base) | G8: Applicable - 9% (P8) | K8: K2 | L8: 0.0072
A9: PE Timor | B9: Consulting | C9: Timor-Leste | D9: 0.016 | E9: F5 | F9: Timor Leste - WH Tax - 1.6% | G9: N/A | K9: K3 | L9: 0.0144
B10: Drilling Support | C10: Timor-Leste | D10: 0.018 | E10: TBA | F10: Timor Leste - WH Tax - 1.8% | G10: N/A | K10: K4 | L10: 0.0216
B11: Other Services | C11: Timor-Leste | D11: 0.024 | E11: F6 | F11: Timor Leste - WH Tax - 2.4% | G11: N/A | K11: K5 | L11: 0.054
B12: Royalties | C12: Timor-Leste | D12: 0.06 | E12: F7 | F12: Timor Leste - WH Tax - 6% | G12: N/A | K12: K6 | L12: 0.00648
B13: Shipping & Air Charter | C13: Timor-Leste | D13: 0.0072 | E13: F8 | F13: Timor Leste - WH Tax - .72% | G13: N/A | K13: K7 | L13: 0.072
A14: Non-PE Timor | B14: Non-resident | C14: Timor-Leste | D14: 0.08 | E14: F4 | F14: Timor Leste - WH Tax - 8% | G14: N/A
B15: Royalties (Non-AUS) | C15: Timor-Leste | D15: 0.08 | E15: F4 | F15: Timor Leste - WH Tax - 8% | G15: N/A
B16: Royalties (AUS resident) | C16: Timor-Leste | D16: 0.08 | E16: F4 | F16: Timor Leste - WH Tax - 8% | G16: N/A
A17: Non-PE JPDA | B17: Non-resident | C17: JPDA | D17: 0.072 | E17: K7 | F17: JPDA WH Tax - 8% (90% of Tax Base) | G17: Applicable - 9% (P8)
B18: Royalties (AUS resident) | C18: JPDA | D18: 0.08 | E18: TBA | F18: JPDA WH Tax - 8% | G18: Applicable - 9% (P8)
B19: Royalties (Non-AUS) | C19: JPDA | D19: 0.072 | E19: K7 | F19: JPDA WH Tax - 8% (90% of Tax Base) | G19: Applicable - 9% (P8)
A20: Timor, Non-Bayu | B20: Rent | C20: Timor-Leste | D20: 0.1 | E20: P5 | F20: Rent / Non-resident (Non-Bayu) | G20: N/A
B21: Timor Non-Resident / PE | C21: Timor-Leste | D21: 0.1 | E21: P5 | F21: Rent / Non-resident (Non-Bayu) | G21: N/A | K21: TIMOR LESTE
K22: DOMESTIC
A23: PE JPDA - No WHT | B23: Repairs & Maintenance | C23: JPDA | D23: 0 | E23: F0 | F23: WHT 0% (default) | G23: Applicable - 9% (P8) | H23: 0.09 | K23: F4 | L23: 0.08
B24: Manpower | C24: JPDA | D24: 0 | E24: F0 | F24: WHT 0% (default) | G24: N/A | H24: 0 | K24: F5 | L24: 0.016
B25: Catering | C25: JPDA | D25: 0 | E25: F0 | F25: WHT 0% (default) | G25: Applicable - 9% (P8) | H25: 0.09 | K25: F6 | L25: 0.024
K26: F7 | L26: 0.06
K27: F8 | L27: 0.0072
H29: Royalties:
I30: JPDA | K30: TIMOR
H31: AUS with Timor PE | I31: 0.06 | J31: TBA | K31: 0.06 | L31: F7
H32: Non-AUS, Timor PE | I32: 0.054 | J32: K5 | K32: 0.06 | L32: F7
H33: AUS NO-PE | I33: 0.08 | J33: TBA | K33: 0.08 | L33: F4
H34: Non-AUS, NO-PE | I34: 0.072 | J34: K7 | K34: 0.08 | L34: F4
H36: Royalty paid to foreign entity | I36: 0.08 | J36: 26.1 | K36: If AUS then no reduction allowed, if not AUS then 7.2%
H37: Royalty paid to resident or PE entity | I37: 0.06 | J37: 23.1 | K37: If AUS then no reduction allowed, if not AUS then 5.4%
